[ AOE2 MATCH · #482765166 ]
1v1 RMJapanese vs Aztecs
Player's team · WIN
Rival team · LOSS
[ REPLAY ANALYSIS · EXTRACTED FROM THE RECORDED GAME ]
Feudal
13:34
Castle
22:00
Imperial
46:36
| APM avg | 33.4 |
| APM peak | 80 |
| eAPM avg | 20.5 |
| Villagers / military | 163 / 1218 |
Focus
⚔️ 47.0% · 🌾 53.0%
Scout Cavalry ×571 · Skirmisher ×501 · Knight ×92 · Mangonel ×28 · Trebuchet (Packed) ×14 · Archer ×5
Feudal
12:36
Castle
26:57
Imperial
39:27
| APM avg | 35.6 |
| APM peak | 134 |
| eAPM avg | 24.6 |
| Villagers / military | 167 / 623 |
Focus
⚔️ 44.0% · 🌾 56.0%
Spearman ×243 · Eagle Scout ×145 · Skirmisher ×67 · Monk ×56 · Militia ×38 · Jaguar Warrior ×33
Match map
Initial resources + every placement click. Lines = walls · curves = elevation contours. ◆ gold · ⬟ stone · ● berries · ✦ relic · ◌ wall gap
Your base· Open — unwalled flank
leoreboulet's base· Open — unwalled flank
Smoothed initial terrain · ◌ = detected wall gap · hover for details
Inputs per minute
— mozo815 灰色 - - leoreboulet
Build order — mozo815 灰色
First 150 of 773 actions detected
| 0:00 | Create | Villager (Male) |
| 0:01 | Create | Villager (Male) |
| 0:02 | Build | House |
| 0:04 | Build | House |
| 0:35 | Create | Villager (Male) |
| 0:35 | Create | Villager (Male) |
| 1:36 | Create | Villager (Male) |
| 1:36 | Create | Villager (Male) |
| 2:12 | Build | Lumber Camp |
| 2:17 | Research | Loom |
| 2:24 | Create | Villager (Male) |
| 2:49 | Create | Villager (Male) |
| 3:22 | Create | Villager (Male) |
| 3:22 | Create | Villager (Male) |
| 3:22 | Create | Villager (Male) |
| 3:49 | Create | Villager (Male) |
| 4:20 | Create | Villager (Male) |
| 4:34 | Build | Mill |
| 5:01 | Create | Villager (Male) |
| 5:01 | Create | Villager (Male) |
| 5:17 | Build | House |
| 5:30 | Create | Villager (Male) |
| 5:50 | Build | House |
| 6:24 | Create | Villager (Male) |
| 6:24 | Create | Villager (Male) |
| 6:24 | Create | Villager (Male) |
| 6:54 | Create | Villager (Male) |
| 6:54 | Create | Villager (Male) |
| 6:54 | Create | Villager (Male) |
| 8:01 | Create | Villager (Male) |
| 8:01 | Create | Villager (Male) |
| 8:25 | Create | Villager (Male) |
| 8:25 | Create | Villager (Male) |
| 8:34 | Build | Palisade Wall |
| 9:17 | Create | Villager (Male) |
| 9:18 | Create | Villager (Male) |
| 9:18 | Create | Villager (Male) |
| 9:28 | Build | Farm |
| 9:59 | Build | Farm |
| 10:05 | Build | Farm |
| 10:24 | Build | Farm |
| 10:34 | Create | Villager (Male) |
| 10:36 | Create | Villager (Male) |
| 11:05 | Build | Mining Camp |
| 11:09 | Research | Feudal Age |
| 11:12 | Build | Farm |
| 11:15 | Build | Farm |
| 11:22 | Build | Farm |
| 11:34 | Build | Mining Camp |
| 11:36 | Build | Farm |
| 12:10 | Build | Barracks |
| 13:18 | Build | Palisade Wall |
| 13:19 | Build | Palisade Wall |
| 13:20 | Build | Palisade Wall |
| 13:27 | Build | House |
| 13:34 | Age | Feudal Age |
| 14:05 | Build | Blacksmith |
| 14:16 | Create | Villager (Male) |
| 14:51 | Research | Man-at-Arms (upgrade) |
| 14:52 | Create | Militia |
| 14:53 | Create | Militia |
| 14:56 | Research | Scale Mail Armor |
| 14:59 | Build | House |
| 15:06 | Research | Horse Collar |
| 15:09 | Research | Double-Bit Axe |
| 15:42 | Create | Militia |
| 15:58 | Build | Mining Camp |
| 18:31 | Build | Market |
| 19:16 | Research | Wheelbarrow |
| 19:20 | Research | Castle Age |
| 19:21 | Research | Castle Age |
| 19:30 | Build | Archery Range |
| 20:20 | Build | House |
| 20:22 | Build | House |
| 22:00 | Age | Castle Age |
| 22:03 | Build | Town Center |
| 22:06 | Create | Villager (Male) |
| 22:06 | Create | Villager (Male) |
| 22:06 | Create | Villager (Male) |
| 22:07 | Create | Villager (Male) |
| 22:07 | Create | Villager (Male) |
| 22:07 | Create | Villager (Male) |
| 22:14 | Build | Town Center |
| 22:38 | Build | Farm |
| 23:09 | Build | Monastery |
| 23:23 | Build | Farm |
| 23:36 | Create | Villager (Male) |
| 23:36 | Create | Villager (Male) |
| 23:37 | Create | Villager (Male) |
| 23:55 | Build | Castle |
| 24:01 | Create | Monk |
| 24:08 | Create | Villager (Male) |
| 24:31 | Build | Farm |
| 24:49 | Build | Lumber Camp |
| 24:54 | Create | Villager (Male) |
| 24:58 | Create | Villager (Male) |
| 25:29 | Build | Farm |
| 25:33 | Create | Villager (Male) |
| 25:42 | Build | Farm |
| 25:43 | Build | Farm |
| 25:44 | Build | Farm |
| 25:51 | Build | Farm |
| 25:52 | Build | Farm |
| 25:57 | Create | Villager (Male) |
| 26:03 | Create | Villager (Male) |
| 26:05 | Create | Villager (Male) |
| 26:19 | Create | Villager (Male) |
| 26:29 | Build | Farm |
| 26:33 | Build | Farm |
| 26:36 | Create | Villager (Male) |
| 26:36 | Create | Villager (Male) |
| 26:44 | Create | Villager (Male) |
| 26:50 | Build | Farm |
| 26:52 | Build | Farm |
| 26:57 | Create | Villager (Male) |
| 27:05 | Build | House |
| 27:14 | Build | House |
| 27:41 | Build | House |
| 27:46 | Build | Lumber Camp |
| 27:51 | Create | Villager (Male) |
| 27:54 | Research | Wheelbarrow |
| 27:54 | Create | Villager (Male) |
| 27:56 | Create | Villager (Male) |
| 27:57 | Create | Villager (Male) |
| 28:11 | Build | House |
| 28:19 | Create | Villager (Male) |
| 28:24 | Build | Farm |
| 28:30 | Create | Villager (Male) |
| 28:30 | Create | Villager (Male) |
| 28:31 | Create | Villager (Male) |
| 28:31 | Create | Villager (Male) |
| 28:40 | Build | Farm |
| 28:44 | Create | Villager (Male) |
| 28:45 | Create | Villager (Male) |
| 28:46 | Create | Villager (Male) |
| 28:46 | Create | Villager (Male) |
| 28:53 | Build | Farm |
| 28:54 | Build | Farm |
| 28:56 | Build | Farm |
| 28:57 | Build | Farm |
| 29:02 | Build | Farm |
| 29:06 | Create | Villager (Male) |
| 29:06 | Create | Villager (Male) |
| 29:16 | Create | Villager (Male) |
| 29:23 | Build | Farm |
| 29:23 | Build | Farm |
| 29:30 | Build | Farm |
| 29:47 | Build | Farm |
| 29:52 | Build | Farm |
| 29:57 | Create | Villager (Male) |
Build order — leoreboulet
First 150 of 1018 actions detected
| 0:00 | Create | Villager (Male) |
| 0:01 | Create | Villager (Male) |
| 0:02 | Build | House |
| 0:03 | Build | House |
| 0:23 | Create | Villager (Male) |
| 0:41 | Create | Villager (Male) |
| 1:44 | Create | Villager (Male) |
| 2:14 | Create | Villager (Male) |
| 2:14 | Create | Villager (Male) |
| 2:21 | Build | Lumber Camp |
| 2:50 | Create | Villager (Male) |
| 3:26 | Create | Villager (Male) |
| 3:39 | Build | House |
| 3:44 | Create | Villager (Male) |
| 3:45 | Create | Villager (Male) |
| 4:28 | Build | House |
| 5:02 | Create | Villager (Male) |
| 5:02 | Create | Villager (Male) |
| 5:21 | Build | Mill |
| 5:31 | Create | Villager (Male) |
| 6:32 | Create | Villager (Male) |
| 6:32 | Create | Villager (Male) |
| 6:44 | Create | Villager (Male) |
| 6:49 | Research | Loom |
| 6:53 | Create | Villager (Male) |
| 6:54 | Research | Loom |
| 7:13 | Build | Lumber Camp |
| 7:42 | Build | Farm |
| 7:44 | Build | Farm |
| 7:55 | Create | Villager (Male) |
| 7:56 | Create | Villager (Male) |
| 8:36 | Create | Villager (Male) |
| 9:02 | Build | House |
| 9:36 | Create | Villager (Male) |
| 9:49 | Build | House |
| 9:53 | Build | House |
| 9:58 | Create | Villager (Male) |
| 10:13 | Create | Villager (Male) |
| 10:20 | Research | Feudal Age |
| 10:27 | Build | House |
| 10:29 | Build | House |
| 10:36 | Build | House |
| 10:40 | Build | Palisade Wall |
| 10:45 | Create | Villager (Male) |
| 10:54 | Build | Mill |
| 11:10 | Create | Villager (Male) |
| 11:24 | Build | Barracks |
| 11:41 | Build | Barracks |
| 11:50 | Build | Mining Camp |
| 11:58 | Build | Barracks |
| 12:08 | Create | Villager (Male) |
| 12:36 | Age | Feudal Age |
| 12:38 | Create | Villager (Male) |
| 12:41 | Create | Militia |
| 12:41 | Create | Militia |
| 12:44 | Research | Man-at-Arms (upgrade) |
| 12:50 | Build | Lumber Camp |
| 13:03 | Create | Villager (Male) |
| 13:26 | Build | Farm |
| 13:42 | Build | House |
| 13:45 | Build | Palisade Wall |
| 13:46 | Build | Palisade Wall |
| 13:48 | Build | Palisade Wall |
| 13:54 | Build | Archery Range |
| 14:01 | Create | Militia |
| 14:05 | Create | Eagle Scout |
| 14:25 | Build | Farm |
| 14:29 | Build | Farm |
| 14:31 | Build | Farm |
| 14:35 | Create | Villager (Male) |
| 14:43 | Research | Horse Collar |
| 14:45 | Research | Double-Bit Axe |
| 15:40 | Create | Villager (Male) |
| 15:40 | Create | Villager (Male) |
| 15:41 | Create | Villager (Male) |
| 15:53 | Build | Blacksmith |
| 15:55 | Build | House |
| 16:15 | Create | Militia |
| 16:15 | Create | Militia |
| 16:38 | Create | Militia |
| 16:38 | Create | Militia |
| 17:06 | Create | Archer |
| 17:07 | Create | Archer |
| 17:46 | Research | Forging |
| 17:52 | Create | Militia |
| 17:52 | Create | Militia |
| 18:27 | Create | Villager (Male) |
| 18:27 | Create | Villager (Male) |
| 19:00 | Build | Palisade Wall |
| 19:09 | Create | Eagle Scout |
| 19:10 | Create | Eagle Scout |
| 19:11 | Create | Militia |
| 19:11 | Create | Militia |
| 19:22 | Build | Farm |
| 19:27 | Create | Archer |
| 19:27 | Create | Archer |
| 19:38 | Build | Farm |
| 19:52 | Build | Market |
| 19:54 | Create | Villager (Male) |
| 19:54 | Create | Villager (Male) |
| 20:10 | Create | Eagle Scout |
| 20:10 | Create | Eagle Scout |
| 20:12 | Create | Archer |
| 20:13 | Create | Skirmisher |
| 20:13 | Create | Skirmisher |
| 20:25 | Create | Militia |
| 20:26 | Create | Militia |
| 20:29 | Build | Farm |
| 21:20 | Build | Farm |
| 21:24 | Create | Villager (Male) |
| 21:24 | Create | Villager (Male) |
| 21:45 | Build | House |
| 21:48 | Build | House |
| 21:54 | Create | Villager (Male) |
| 22:09 | Build | Palisade Wall |
| 22:18 | Build | Farm |
| 22:24 | Build | Farm |
| 22:30 | Build | Farm |
| 22:35 | Build | Farm |
| 22:39 | Create | Villager (Male) |
| 23:03 | Build | House |
| 23:25 | Research | Arson |
| 23:27 | Create | Villager (Male) |
| 23:27 | Create | Villager (Male) |
| 23:31 | Build | Farm |
| 23:36 | Build | Farm |
| 23:53 | Build | Farm |
| 24:05 | Research | Castle Age |
| 24:20 | Build | Farm |
| 24:46 | Build | Farm |
| 24:50 | Build | Farm |
| 24:51 | Research | Gold Mining |
| 24:55 | Build | Farm |
| 25:00 | Build | Mill |
| 25:09 | Build | Farm |
| 25:13 | Build | Farm |
| 25:18 | Build | Farm |
| 25:20 | Create | Archer |
| 25:21 | Create | Archer |
| 25:21 | Create | Skirmisher |
| 25:27 | Create | Militia |
| 25:27 | Create | Spearman |
| 25:36 | Create | Eagle Scout |
| 25:37 | Create | Eagle Scout |
| 25:38 | Create | Militia |
| 25:38 | Create | Militia |
| 25:43 | Create | Militia |
| 25:43 | Create | Eagle Scout |
| 25:43 | Create | Militia |
| 25:44 | Create | Eagle Scout |
Match timeline
| 8:34 | mozo815 灰色 · wall_segment Palisade Wall x1 |
| 10:40 | leoreboulet · wall_segment Palisade Wall x1 |
| 11:24 | leoreboulet · first_building Barracks |
| 12:10 | mozo815 灰色 · first_building Barracks |
| 12:36 | leoreboulet · age_up feudal |
| 13:18 | mozo815 灰色 · wall_segment Palisade Wall x4 |
| 13:19 | mozo815 灰色 · wall_segment Palisade Wall x1 |
| 13:20 | mozo815 灰色 · wall_segment Palisade Wall x1 |
| 13:34 | mozo815 灰色 · age_up feudal |
| 13:45 | leoreboulet · wall_segment Palisade Wall x1 |
| 13:46 | leoreboulet · wall_segment Palisade Wall x1 |
| 13:48 | leoreboulet · wall_segment Palisade Wall x5 |
| 13:54 | leoreboulet · first_building Archery Range |
| 19:00 | leoreboulet · wall_segment Palisade Wall x1 |
| 19:30 | mozo815 灰色 · first_building Archery Range |
| 22:00 | mozo815 灰色 · age_up castle |
| 22:09 | leoreboulet · wall_segment Palisade Wall x1 |
| 23:09 | mozo815 灰色 · first_building Monastery |
| 23:55 | mozo815 灰色 · first_building Castle |
| 24:01 | leoreboulet · first_market_buy 100 food |
| 26:57 | leoreboulet · age_up castle |
| 27:44 | leoreboulet · wall_segment Palisade Wall x1 |
| 29:16 | leoreboulet · first_building Monastery |
| 29:53 | leoreboulet · first_building Siege Workshop |
| 31:41 | mozo815 灰色 · first_building Siege Workshop |
| 31:56 | mozo815 灰色 · first_building Stable |
| 35:53 | mozo815 灰色 · wall_segment Stone Wall x5 |
| 36:01 | mozo815 灰色 · wall_segment Stone Wall x7 |
| 36:03 | mozo815 灰色 · wall_segment Stone Wall x5 |
| 36:55 | mozo815 灰色 · wall_segment Stone Wall x10 |
| 39:27 | leoreboulet · age_up imperial |
| 39:58 | leoreboulet · first_building Castle |
| 42:23 | mozo815 灰色 · wall_segment Stone Wall x1 |
| 43:02 | mozo815 灰色 · wall_segment Stone Wall x1 |
| 43:03 | mozo815 灰色 · wall_segment Stone Wall x1 |
| 43:04 | mozo815 灰色 · wall_segment Stone Wall x1 |
| 43:04 | mozo815 灰色 · wall_segment Stone Wall x1 |
| 43:05 | mozo815 灰色 · wall_segment Stone Wall x1 |
| 43:23 | mozo815 灰色 · first_market_sell 500 food |
| 44:07 | mozo815 灰色 · wall_segment Stone Wall x1 |
| 44:08 | mozo815 灰色 · wall_segment Stone Wall x1 |
| 44:08 | mozo815 灰色 · wall_segment Stone Wall x1 |
| 44:45 | mozo815 灰色 · wall_segment Stone Wall x1 |
| 44:46 | mozo815 灰色 · wall_segment Stone Wall x1 |
| 44:47 | mozo815 灰色 · wall_segment Stone Wall x1 |
| 44:48 | mozo815 灰色 · wall_segment Stone Wall x1 |
| 45:32 | mozo815 灰色 · wall_segment Stone Wall x1 |
| 45:40 | mozo815 灰色 · wall_segment Stone Wall x1 |
| 45:45 | mozo815 灰色 · wall_segment Stone Wall x1 |
| 45:57 | mozo815 灰色 · wall_segment Stone Wall x1 |
| 46:01 | mozo815 灰色 · wall_segment Stone Wall x1 |
| 46:06 | mozo815 灰色 · wall_segment Stone Wall x1 |
| 46:09 | mozo815 灰色 · wall_segment Stone Wall x1 |
| 46:10 | mozo815 灰色 · wall_segment Stone Wall x1 |
| 46:36 | mozo815 灰色 · age_up imperial |
| 47:55 | mozo815 灰色 · wall_segment Stone Wall x1 |
| 47:56 | mozo815 灰色 · wall_segment Stone Wall x1 |
| 47:57 | mozo815 灰色 · wall_segment Stone Wall x1 |
| 51:03 | mozo815 灰色 · wall_segment Stone Wall x1 |
| 51:55 | mozo815 灰色 · wall_segment Stone Wall x1 |
| 52:10 | mozo815 灰色 · wall_segment Stone Wall x1 |
| 54:19 | mozo815 灰色 · wall_segment Stone Wall x7 |
| 54:31 | mozo815 灰色 · wall_segment Stone Wall x1 |
| 54:32 | mozo815 灰色 · wall_segment Stone Wall x1 |
| 54:33 | mozo815 灰色 · wall_segment Stone Wall x1 |
| 54:34 | mozo815 灰色 · wall_segment Stone Wall x1 |
| 56:00 | mozo815 灰色 · wall_segment Stone Wall x1 |
| 64:36 | leoreboulet · wall_segment Stone Wall x10 |
| 73:40 | leoreboulet · first_market_sell 100 wood |
| 74:16 | mozo815 灰色 · wall_segment Stone Wall x1 |
| 75:31 | leoreboulet · wall_segment Stone Wall x4 |
| 78:49 | leoreboulet · wall_segment Stone Wall x6 |
| 98:04 | leoreboulet · wall_segment Stone Wall x2 |
| 101:17 | mozo815 灰色 · first_market_buy 100 stone |
| 107:18 | leoreboulet · resign |
[ AI ANALYSIS · 1 CREDIT ]
What really happened in this match?
Wolo.gg analyzes every decision: build order, eco, micro, common mistakes by bracket. Personalized analysis on WhatsApp or Discord in 30 seconds.
Civ guide
Japanese
Map guide
Arabia
Perfil
mozo815 灰色